TKirby, chaotic female elven Wizard ############### ################## #---.---- #|.....<-####### #|......| # | -+--.---- #|......| # . |.......-########|..(....######## ....| |....I..| |......| | |........# -------- ---------## TKirby the Conjurer Experience level: 4 Strength: 10 Dexterity: 14 Constitution: 13 Intelligence: 18 Wisdom: 11 Charisma: 10 Health: 0(24) Energy: 17(49) Def: 2 Gold: 324 Moves: 2072 Dungeon seed: Phua4uY3abWGVtyz Game ID: TKirby_1507231938 Your Inventory: Coins $ - 324 gold pieces Weapons a - a blessed +1 quarterstaff (weapon in hands) Armor e - an uncursed +0 cloak of magic resistance (being worn) y - an uncursed +0 pair of low boots (being worn) Scrolls j - an uncursed scroll of confuse monster k - an uncursed scroll of gold detection t - a cursed scroll of identify Spellbooks l - a blessed spellbook of force bolt m - an uncursed spellbook of create monster Potions f - an uncursed potion of sleeping g - an uncursed potion of water h - an uncursed potion of levitation u - an uncursed potion of restore ability v - an uncursed potion of healing w - an uncursed potion of booze Rings c - an uncursed +1 ring of gain constitution (on left hand) d - an uncursed +1 ring of adornment (on right hand) Wands b - a wand of secret door detection (0:13) Tools n - an uncursed wooden harp Gems q - an uncursed worthless piece of violet glass r - an uncursed worthless piece of orange glass Spells and supernatural/magical abilities: Name Level Category Fail Memory a - force bolt 1 attack 0% 90% O - create monster 2 clerical 53% 90% W - pray for help -- divine ? -- Your skills at the end: Fighting Skills Weapon Skills quarterstaff [Basic] Spellcasting Skills attack spells [Basic] enchantment spells [Basic] Final Attributes: You were piously aligned. You were sleep resistant. You were magic-protected. You were stunned. You had infravision. You were adorned. You were lucky. You are dead. Vanquished creatures: a shrieker a little dog a giant bat 5 dwarf zombies 4 acid blobs 2 coyotes a hobbit a yellow mold a gnome zombie 2 geckos a jackal a fox a kobold 2 goblins 2 sewer rats 4 grid bugs 3 bats 4 lichens 4 newts 41 creatures vanquished. Voluntary challenges: You were an atheist. You used a wielded weapon 28 times, starting on turn 1. You read items or engraved 2 times, starting on turn 754. You never genocided any monsters. You never polymorphed an object. You never changed form. You used no wishes. You never split a pudding. You never wrote Elbereth's name. You never violated your personal moral code. Dungeon overview: The Dungeons of Doom: levels 1 to 5 Level 1 a fountain, a sink a long staircase Level 2 a general store, a fountain a long staircase Level 3 a potion shop, some fountains Level 4 a fountain Level 5 <- You were here a fountain History has recorded: On T:1 you entered the Dungeons of Doom to retrieve the Amulet of Yendor! On T:343 you advanced to experience level 2. On T:358 you reached level 2 of The Dungeons of Doom. On T:881 you advanced to experience level 3. On T:1043 you reached level 3 of The Dungeons of Doom. On T:1589 you advanced to experience level 4. On T:1591 you reached level 4 of The Dungeons of Doom. On T:1954 you reached level 5 of The Dungeons of Doom. Score breakdown: Gold: 324 ( 8544 points) Experience: 4 levels ( 9649 points) Exploration: 5 levels ( 10.42%) ( 8751 points) Discoveries: 3 items ( 1.09%) ( 3127 points) Valuables value: (no points given unless you survive) Artifact value: 0 ( 0 points) Variety of kills: 19 monsters ( 4.99%) ( 6699 points) Turncount: 2072 turns ( -53 points) Survival: died (score multiplied by 80%) Total score: 29373 Latest messages: The bat bites! (4x) You miss the bat. The bat bites! (2x) The spell misses the bat. The bat bites! (2x) You miss the bat. The bat bites! You kill the bat! You displace maple. The spell hits the bat! You kill the bat! You see here a bat corpse. This bat corpse tastes terrible! You finish eating the bat corpse. You bump into maple. You faint from lack of food. It bites! (3x) You die... Final status: Goodbye TKirby the Wizard, killed by a bat, while fainted from lack of food... You died in The Dungeons of Doom on dungeon level 5 with 29373 points, and 324 pieces of gold, after 2072 moves. You were level 4 with a maximum of 24 hit points when you died.